[ PARTIDA AOE2 · #457985042 ]
Team RMSicilianos vs Mapuche
Equipo del jugador · VICT
[ ANÁLISIS DE REPETICIÓN · EXTRAÍDO DE LA PARTIDA GRABADA ]
Feudal
12:53
Castillos
27:25
Imperial
—
| APM promedio | 35.5 |
| APM pico | 58 |
| eAPM promedio | 21.0 |
| Aldeanos / militares | 43 / 56 |
Foco
⚔️ 29.4% · 🌾 70.6%
Serjeant ×46 · Fishing Ship ×12 · Demolition Raft ×6 · Galley ×2 · Fire Galley ×2
Feudal
13:37
Castillos
20:40
Imperial
—
| APM promedio | 33.1 |
| APM pico | 76 |
| eAPM promedio | 21.7 |
| Aldeanos / militares | 33 / 3 |
Foco
⚔️ 14.5% · 🌾 85.5%
Fishing Ship ×32 · Unknown (2550) ×32 · Trade Cart ×5 · Demolition Raft ×2 · Galley ×1
Feudal
11:31
Castillos
16:38
Imperial
—
| APM promedio | 35.1 |
| APM pico | 55 |
| eAPM promedio | 14.1 |
| Aldeanos / militares | 60 / 31 |
Foco
⚔️ 16.9% · 🌾 83.1%
Cavalry Archer ×26 · Fishing Ship ×8 · Tarkan ×5
Feudal
11:25
Castillos
19:12
Imperial
—
| APM promedio | 27.7 |
| APM pico | 64 |
| eAPM promedio | 16.0 |
| Aldeanos / militares | 76 / 25 |
Foco
⚔️ 31.9% · 🌾 68.1%
Galley ×12 · Fishing Ship ×12 · Gbeto ×7 · Demolition Raft ×6
Feudal
16:44
Castillos
20:42
Imperial
—
| APM promedio | 36.7 |
| APM pico | 92 |
| eAPM promedio | 14.9 |
| Aldeanos / militares | 68 / 30 |
Foco
⚔️ 19.9% · 🌾 80.1%
Longboat ×29 · Fishing Ship ×15 · Monk ×1
Feudal
11:30
Castillos
18:25
Imperial
—
| APM promedio | 38.4 |
| APM pico | 68 |
| eAPM promedio | 15.7 |
| Aldeanos / militares | 55 / 55 |
Foco
⚔️ 36.9% · 🌾 63.1%
Archer ×46 · Fishing Ship ×16 · Fire Galley ×7 · Galley ×1 · Demolition Raft ×1
Feudal
—
Castillos
—
Imperial
—
| APM promedio | 49.3 |
| APM pico | 85 |
| eAPM promedio | 20.3 |
| Aldeanos / militares | 20 / 12 |
Foco
⚔️ 10.9% · 🌾 89.1%
Fishing Ship ×15 · Conquistador ×11 · Galley ×1 · Unknown (2626) ×1
Feudal
12:02
Castillos
19:34
Imperial
—
| APM promedio | 25.4 |
| APM pico | 76 |
| eAPM promedio | 15.7 |
| Aldeanos / militares | 29 / 47 |
Foco
⚔️ 28.2% · 🌾 71.8%
Skirmisher ×21 · Archer ×16 · Fishing Ship ×13 · Demolition Raft ×6 · Galley ×3 · Fire Galley ×1
Mapa de la partida
Recursos iniciales + cada clic de construcción. Líneas = muros · curvas = relieve. ◆ oro · ⬟ piedra · ● bayas · ✦ reliquia · ◌ hueco del cierre
Inputs por minuto
— MaxiMR7 - - çipetpet
Build order — MaxiMR7
Primeras 150 de 181 acciones detectadas
| 2:08 | Construir | Town Center |
| 3:17 | Construir | Dock |
| 3:27 | Crear | Villager (Male) |
| 3:35 | Construir | House |
| 3:39 | Investigar | Loom |
| 3:39 | Crear | Villager (Male) |
| 4:09 | Crear | Villager (Male) |
| 4:15 | Crear | Villager (Male) |
| 4:19 | Crear | Fishing Ship |
| 4:21 | Crear | Fishing Ship |
| 4:30 | Crear | Villager (Male) |
| 4:49 | Crear | Villager (Male) |
| 5:04 | Construir | House |
| 5:14 | Crear | Fishing Ship |
| 5:16 | Construir | House |
| 5:29 | Crear | Villager (Male) |
| 5:31 | Crear | Villager (Male) |
| 5:52 | Crear | Villager (Male) |
| 6:00 | Crear | Fishing Ship |
| 6:27 | Crear | Villager (Male) |
| 6:54 | Crear | Villager (Male) |
| 7:02 | Construir | Dock |
| 7:14 | Crear | Villager (Male) |
| 7:22 | Crear | Fishing Ship |
| 7:40 | Crear | Villager (Male) |
| 7:58 | Construir | House |
| 8:08 | Construir | House |
| 8:16 | Crear | Villager (Male) |
| 8:19 | Crear | Fishing Ship |
| 8:25 | Construir | House |
| 8:27 | Construir | House |
| 8:31 | Crear | Villager (Male) |
| 9:04 | Crear | Fishing Ship |
| 9:09 | Crear | Fishing Ship |
| 9:20 | Crear | Fishing Ship |
| 9:28 | Construir | Outpost |
| 9:30 | Crear | Villager (Male) |
| 9:37 | Construir | House |
| 9:47 | Construir | Palisade Wall |
| 9:48 | Construir | Palisade Wall |
| 9:55 | Crear | Villager (Male) |
| 10:36 | Construir | Donjon |
| 10:38 | Crear | Villager (Male) |
| 10:43 | Investigar | Feudal Age |
| 10:46 | Crear | Villager (Male) |
| 11:03 | Crear | Fishing Ship |
| 11:06 | Crear | Fishing Ship |
| 11:10 | Crear | Fishing Ship |
| 11:22 | Construir | Mining Camp |
| 12:02 | Construir | House |
| 12:05 | Construir | House |
| 12:15 | Construir | Palisade Gate |
| 12:18 | Construir | House |
| 12:24 | Crear | Villager (Male) |
| 12:53 | Edad | Edad Feudal |
| 12:55 | Crear | Serjeant |
| 12:55 | Crear | Serjeant |
| 13:03 | Construir | Blacksmith |
| 13:17 | Crear | Galley |
| 13:18 | Crear | Galley |
| 13:29 | Crear | Villager (Male) |
| 13:33 | Investigar | Double-Bit Axe |
| 13:40 | Crear | Serjeant |
| 13:46 | Crear | Villager (Male) |
| 13:51 | Crear | Villager (Male) |
| 14:01 | Construir | Donjon |
| 14:04 | Crear | Serjeant |
| 14:07 | Investigar | Scale Mail Armor |
| 14:09 | Investigar | Fletching |
| 14:12 | Investigar | Forging |
| 14:23 | Crear | Villager (Male) |
| 14:26 | Investigar | Town Watch |
| 14:33 | Crear | Serjeant |
| 14:53 | Crear | Fire Galley |
| 14:53 | Crear | Fire Galley |
| 15:21 | Construir | Donjon |
| 15:29 | Crear | Villager (Male) |
| 15:32 | Crear | Villager (Male) |
| 15:46 | Construir | Mill |
| 16:12 | Crear | Serjeant |
| 16:12 | Crear | Serjeant |
| 16:13 | Crear | Serjeant |
| 16:14 | Crear | Serjeant |
| 16:14 | Crear | Serjeant |
| 16:27 | Crear | Serjeant |
| 17:06 | Crear | Serjeant |
| 17:06 | Crear | Serjeant |
| 17:06 | Crear | Serjeant |
| 17:19 | Crear | Serjeant |
| 17:19 | Crear | Serjeant |
| 17:19 | Crear | Serjeant |
| 17:20 | Crear | Serjeant |
| 17:32 | Crear | Villager (Male) |
| 17:32 | Crear | Villager (Male) |
| 17:33 | Crear | Villager (Male) |
| 17:42 | Crear | Serjeant |
| 18:01 | Crear | Serjeant |
| 18:01 | Crear | Serjeant |
| 18:02 | Crear | Serjeant |
| 18:04 | Crear | Villager (Male) |
| 18:36 | Crear | Serjeant |
| 18:38 | Crear | Villager (Male) |
| 18:38 | Crear | Villager (Male) |
| 18:56 | Construir | Farm |
| 18:56 | Construir | Farm |
| 19:12 | Crear | Villager (Male) |
| 19:16 | Construir | Farm |
| 19:17 | Construir | Farm |
| 19:17 | Construir | Farm |
| 19:17 | Construir | Farm |
| 19:17 | Construir | Farm |
| 19:17 | Construir | Farm |
| 19:17 | Construir | Farm |
| 19:21 | Crear | Demolition Raft |
| 19:21 | Crear | Demolition Raft |
| 19:22 | Crear | Demolition Raft |
| 19:22 | Crear | Demolition Raft |
| 19:44 | Construir | Market |
| 19:48 | Crear | Villager (Male) |
| 20:20 | Crear | Serjeant |
| 20:21 | Crear | Serjeant |
| 20:41 | Crear | Serjeant |
| 20:41 | Crear | Serjeant |
| 20:44 | Crear | Serjeant |
| 20:49 | Crear | Villager (Male) |
| 21:00 | Construir | Donjon |
| 21:07 | Crear | Villager (Male) |
| 21:17 | Construir | House |
| 21:19 | Construir | House |
| 21:19 | Construir | House |
| 21:19 | Construir | House |
| 21:20 | Construir | House |
| 21:20 | Construir | House |
| 21:20 | Construir | House |
| 21:23 | Crear | Villager (Male) |
| 21:35 | Crear | Demolition Raft |
| 21:36 | Crear | Demolition Raft |
| 21:40 | Construir | House |
| 21:41 | Construir | House |
| 21:56 | Crear | Villager (Male) |
| 21:59 | Construir | House |
| 22:00 | Construir | House |
| 22:02 | Investigar | Horse Collar |
| 22:13 | Crear | Villager (Male) |
| 23:25 | Investigar | Castle Age |
| 24:03 | Construir | Donjon |
| 24:06 | Crear | Serjeant |
| 24:06 | Crear | Serjeant |
| 24:19 | Crear | Serjeant |
| 24:19 | Crear | Serjeant |
Build order — çipetpet
149 acciones detectadas en el replay
| 0:28 | Construir | Dock |
| 1:10 | Crear | Fishing Ship |
| 1:10 | Crear | Fishing Ship |
| 1:14 | Construir | House |
| 1:18 | Construir | House |
| 1:49 | Construir | Settlement |
| 2:57 | Construir | Town Center |
| 3:41 | Construir | House |
| 3:50 | Crear | Villager (Male) |
| 3:50 | Crear | Villager (Male) |
| 3:50 | Crear | Villager (Male) |
| 3:50 | Crear | Villager (Male) |
| 3:51 | Crear | Villager (Male) |
| 4:27 | Crear | Fishing Ship |
| 4:55 | Crear | Fishing Ship |
| 4:59 | Construir | House |
| 5:10 | Crear | Villager (Male) |
| 5:10 | Crear | Villager (Male) |
| 5:36 | Crear | Fishing Ship |
| 5:56 | Crear | Villager (Male) |
| 5:56 | Crear | Villager (Male) |
| 6:02 | Crear | Fishing Ship |
| 6:21 | Crear | Villager (Male) |
| 6:21 | Crear | Villager (Male) |
| 6:35 | Crear | Fishing Ship |
| 6:40 | Crear | Villager (Male) |
| 6:57 | Crear | Villager (Male) |
| 6:58 | Crear | Villager (Male) |
| 7:13 | Construir | Dock |
| 7:18 | Crear | Fishing Ship |
| 7:21 | Crear | Villager (Male) |
| 7:50 | Construir | House |
| 7:53 | Construir | House |
| 7:59 | Crear | Fishing Ship |
| 8:02 | Crear | Villager (Male) |
| 8:02 | Crear | Villager (Male) |
| 8:02 | Crear | Villager (Male) |
| 8:21 | Construir | House |
| 8:29 | Crear | Villager (Male) |
| 8:33 | Crear | Fishing Ship |
| 8:36 | Crear | Fishing Ship |
| 8:40 | Construir | House |
| 8:55 | Crear | Villager (Male) |
| 9:06 | Construir | Barracks |
| 9:23 | Crear | Fishing Ship |
| 9:32 | Crear | Fishing Ship |
| 9:43 | Construir | House |
| 9:48 | Crear | Villager (Male) |
| 10:00 | Crear | Fishing Ship |
| 10:03 | Crear | Unit 2550 |
| 10:04 | Crear | Unit 2550 |
| 10:24 | Crear | Fishing Ship |
| 10:27 | Crear | Fishing Ship |
| 10:34 | Crear | Villager (Male) |
| 10:35 | Crear | Villager (Male) |
| 10:38 | Crear | Unit 2550 |
| 11:00 | Crear | Fishing Ship |
| 11:05 | Construir | Dock |
| 11:12 | Crear | Fishing Ship |
| 11:13 | Crear | Fishing Ship |
| 11:25 | Crear | Villager (Male) |
| 11:27 | Investigar | Feudal Age |
| 11:28 | Investigar | Feudal Age |
| 11:39 | Crear | Unit 2550 |
| 11:39 | Crear | Unit 2550 |
| 11:46 | Crear | Unit 2550 |
| 11:47 | Crear | Unit 2550 |
| 11:55 | Crear | Fishing Ship |
| 11:59 | Crear | Fishing Ship |
| 12:01 | Crear | Fishing Ship |
| 12:08 | Construir | House |
| 12:09 | Construir | House |
| 12:09 | Construir | House |
| 12:09 | Construir | House |
| 12:09 | Construir | House |
| 12:27 | Construir | Barracks |
| 12:33 | Crear | Unit 2550 |
| 12:38 | Crear | Villager (Male) |
| 12:48 | Construir | House |
| 12:48 | Construir | House |
| 12:48 | Construir | House |
| 12:49 | Construir | House |
| 12:49 | Construir | House |
| 12:49 | Construir | House |
| 12:54 | Crear | Villager (Male) |
| 12:58 | Crear | Fishing Ship |
| 13:02 | Crear | Unit 2550 |
| 13:12 | Crear | Unit 2550 |
| 13:12 | Crear | Unit 2550 |
| 13:13 | Crear | Unit 2550 |
| 13:17 | Construir | House |
| 13:18 | Construir | House |
| 13:37 | Edad | Edad Feudal |
| 13:39 | Construir | Blacksmith |
| 13:45 | Investigar | Tech 1402 |
| 13:46 | Crear | Unit 2550 |
| 13:46 | Crear | Unit 2550 |
| 14:02 | Crear | Unit 2550 |
| 14:03 | Crear | Unit 2550 |
| 14:03 | Crear | Unit 2550 |
| 14:18 | Crear | Unit 2550 |
| 14:20 | Crear | Unit 2550 |
| 14:25 | Investigar | Forging |
| 14:27 | Crear | Villager (Male) |
| 14:34 | Crear | Demolition Raft |
| 14:40 | Crear | Fishing Ship |
| 14:41 | Crear | Galley |
| 14:44 | Crear | Fishing Ship |
| 14:44 | Crear | Fishing Ship |
| 15:09 | Crear | Unit 2550 |
| 15:09 | Crear | Unit 2550 |
| 15:11 | Crear | Unit 2550 |
| 15:11 | Crear | Unit 2550 |
| 15:28 | Crear | Villager (Male) |
| 15:29 | Crear | Villager (Male) |
| 15:29 | Crear | Villager (Male) |
| 15:29 | Crear | Villager (Male) |
| 15:45 | Investigar | Scale Mail Armor |
| 15:45 | Investigar | Scale Mail Armor |
| 15:51 | Crear | Unit 2550 |
| 15:56 | Crear | Unit 2550 |
| 15:56 | Crear | Unit 2550 |
| 15:57 | Crear | Unit 2550 |
| 15:57 | Crear | Unit 2550 |
| 16:27 | Crear | Unit 2550 |
| 16:30 | Crear | Villager (Male) |
| 16:30 | Crear | Villager (Male) |
| 16:35 | Crear | Demolition Raft |
| 16:39 | Crear | Fishing Ship |
| 16:39 | Crear | Fishing Ship |
| 16:44 | Crear | Fishing Ship |
| 16:44 | Crear | Fishing Ship |
| 16:44 | Crear | Fishing Ship |
| 16:44 | Crear | Fishing Ship |
| 17:17 | Construir | Market |
| 18:00 | Investigar | Castle Age |
| 18:00 | Investigar | Castle Age |
| 18:56 | Construir | House |
| 19:22 | Crear | Unit 2550 |
| 19:22 | Crear | Unit 2550 |
| 19:23 | Crear | Unit 2550 |
| 19:23 | Crear | Trade Cart |
| 19:24 | Crear | Trade Cart |
| 19:24 | Crear | Trade Cart |
| 19:25 | Crear | Trade Cart |
| 19:25 | Crear | Trade Cart |
| 20:24 | Construir | House |
| 20:29 | Construir | Palisade Wall |
| 20:40 | Edad | Edad de los Castillos |
Build order — xu3u6vm0888
Primeras 150 de 151 acciones detectadas
| 1:44 | Construir | Town Center |
| 2:39 | Crear | Villager (Male) |
| 2:40 | Crear | Villager (Male) |
| 2:40 | Crear | Villager (Male) |
| 2:40 | Crear | Villager (Male) |
| 2:40 | Crear | Villager (Male) |
| 3:29 | Construir | Dock |
| 3:37 | Investigar | Loom |
| 4:44 | Crear | Villager (Male) |
| 4:44 | Crear | Villager (Male) |
| 4:57 | Crear | Villager (Male) |
| 5:27 | Crear | Villager (Male) |
| 5:27 | Crear | Villager (Male) |
| 5:32 | Crear | Fishing Ship |
| 5:32 | Crear | Fishing Ship |
| 5:33 | Crear | Fishing Ship |
| 5:33 | Crear | Fishing Ship |
| 5:57 | Crear | Villager (Male) |
| 5:58 | Crear | Villager (Male) |
| 5:58 | Crear | Villager (Male) |
| 6:08 | Crear | Villager (Male) |
| 6:08 | Crear | Villager (Male) |
| 6:26 | Crear | Villager (Male) |
| 6:26 | Crear | Villager (Male) |
| 6:31 | Crear | Fishing Ship |
| 6:31 | Crear | Fishing Ship |
| 7:25 | Crear | Villager (Male) |
| 7:25 | Crear | Villager (Male) |
| 7:25 | Crear | Villager (Male) |
| 7:25 | Crear | Villager (Male) |
| 7:26 | Crear | Villager (Male) |
| 8:34 | Construir | Mining Camp |
| 9:21 | Investigar | Feudal Age |
| 9:51 | Construir | Lumber Camp |
| 10:16 | Construir | Outpost |
| 10:33 | Construir | Mill |
| 10:46 | Crear | Fishing Ship |
| 10:47 | Crear | Fishing Ship |
| 10:56 | Construir | Farm |
| 10:59 | Construir | Farm |
| 11:01 | Construir | Farm |
| 11:04 | Construir | Farm |
| 11:07 | Construir | Farm |
| 11:23 | Crear | Villager (Male) |
| 11:31 | Edad | Edad Feudal |
| 11:54 | Construir | Barracks |
| 13:02 | Construir | Archery Range |
| 13:11 | Construir | Blacksmith |
| 13:48 | Construir | Palisade Wall |
| 13:57 | Construir | Archery Range |
| 13:58 | Investigar | Castle Age |
| 14:05 | Crear | Villager (Male) |
| 14:50 | Construir | Building 796 |
| 14:52 | Construir | Palisade Wall |
| 15:24 | Crear | Villager (Male) |
| 15:43 | Crear | Villager (Male) |
| 16:21 | Crear | Villager (Male) |
| 16:38 | Edad | Edad de los Castillos |
| 16:44 | Construir | University |
| 16:45 | Crear | Cavalry Archer |
| 16:46 | Crear | Cavalry Archer |
| 16:48 | Crear | Cavalry Archer |
| 16:48 | Crear | Cavalry Archer |
| 16:49 | Crear | Cavalry Archer |
| 17:02 | Investigar | Fletching |
| 17:08 | Construir | Farm |
| 17:10 | Crear | Villager (Male) |
| 17:19 | Crear | Cavalry Archer |
| 17:35 | Crear | Cavalry Archer |
| 17:44 | Construir | Farm |
| 17:55 | Construir | Farm |
| 17:56 | Crear | Villager (Male) |
| 17:57 | Crear | Cavalry Archer |
| 17:58 | Crear | Cavalry Archer |
| 18:56 | Crear | Villager (Male) |
| 18:58 | Investigar | Ballistics |
| 19:09 | Crear | Villager (Male) |
| 19:12 | Construir | Mining Camp |
| 19:14 | Crear | Villager (Male) |
| 19:20 | Crear | Cavalry Archer |
| 19:39 | Crear | Villager (Male) |
| 19:57 | Crear | Villager (Male) |
| 20:34 | Crear | Cavalry Archer |
| 20:34 | Crear | Cavalry Archer |
| 20:47 | Crear | Villager (Male) |
| 20:47 | Crear | Villager (Male) |
| 20:51 | Construir | Farm |
| 20:51 | Construir | Farm |
| 20:53 | Crear | Villager (Male) |
| 21:01 | Crear | Cavalry Archer |
| 21:01 | Crear | Cavalry Archer |
| 21:32 | Construir | Town Center |
| 21:33 | Crear | Villager (Male) |
| 21:34 | Crear | Villager (Male) |
| 21:39 | Crear | Cavalry Archer |
| 21:39 | Crear | Cavalry Archer |
| 22:01 | Crear | Villager (Male) |
| 22:23 | Investigar | Padded Archer Armor |
| 22:25 | Investigar | Bodkin Arrow |
| 22:39 | Crear | Cavalry Archer |
| 22:39 | Crear | Cavalry Archer |
| 23:01 | Crear | Cavalry Archer |
| 23:01 | Crear | Cavalry Archer |
| 23:02 | Crear | Villager (Male) |
| 23:02 | Crear | Villager (Male) |
| 23:26 | Crear | Villager (Male) |
| 23:27 | Crear | Cavalry Archer |
| 23:27 | Crear | Cavalry Archer |
| 23:42 | Crear | Cavalry Archer |
| 23:43 | Crear | Cavalry Archer |
| 23:51 | Construir | Castle |
| 24:15 | Crear | Villager (Male) |
| 24:24 | Construir | Castle |
| 24:39 | Crear | Villager (Male) |
| 24:40 | Crear | Cavalry Archer |
| 24:40 | Crear | Cavalry Archer |
| 24:48 | Construir | Stable |
| 24:53 | Crear | Villager (Male) |
| 24:55 | Crear | Villager (Male) |
| 25:02 | Construir | Farm |
| 25:04 | Construir | Farm |
| 25:34 | Crear | Villager (Male) |
| 25:37 | Crear | Villager (Male) |
| 25:53 | Crear | Villager (Male) |
| 26:15 | Crear | Villager (Male) |
| 26:16 | Crear | Villager (Male) |
| 26:18 | Construir | Farm |
| 26:22 | Construir | Farm |
| 26:56 | Crear | Villager (Male) |
| 26:56 | Crear | Villager (Male) |
| 26:59 | Construir | Farm |
| 27:00 | Construir | Farm |
| 27:02 | Construir | Farm |
| 27:03 | Crear | Tarkan |
| 27:21 | Crear | Villager (Male) |
| 27:26 | Construir | Farm |
| 27:29 | Construir | Farm |
| 27:33 | Crear | Tarkan |
| 27:35 | Crear | Tarkan |
| 27:51 | Crear | Villager (Male) |
| 27:53 | Construir | Farm |
| 27:55 | Construir | Farm |
| 28:13 | Crear | Villager (Male) |
| 28:13 | Crear | Villager (Male) |
| 28:20 | Construir | Farm |
| 28:21 | Crear | Tarkan |
| 28:44 | Crear | Villager (Male) |
| 28:44 | Crear | Villager (Male) |
| 28:47 | Crear | Tarkan |
| 28:56 | Construir | Farm |
Build order — AxD | Keiokenkun-Uno-Puro
Primeras 150 de 221 acciones detectadas
| 0:47 | Construir | Dock |
| 0:51 | Construir | House |
| 1:48 | Construir | House |
| 2:15 | Construir | Town Center |
| 2:42 | Crear | Fishing Ship |
| 2:44 | Crear | Fishing Ship |
| 3:20 | Crear | Villager (Male) |
| 3:21 | Crear | Villager (Male) |
| 3:21 | Crear | Villager (Male) |
| 3:21 | Crear | Villager (Male) |
| 3:22 | Crear | Villager (Male) |
| 4:03 | Crear | Fishing Ship |
| 5:05 | Construir | House |
| 5:06 | Investigar | Loom |
| 5:09 | Crear | Fishing Ship |
| 5:17 | Construir | Dock |
| 5:18 | Construir | House |
| 5:29 | Crear | Villager (Male) |
| 5:49 | Crear | Villager (Male) |
| 6:02 | Crear | Villager (Male) |
| 6:06 | Crear | Fishing Ship |
| 6:36 | Crear | Fishing Ship |
| 6:41 | Crear | Fishing Ship |
| 6:50 | Crear | Villager (Male) |
| 6:53 | Crear | Fishing Ship |
| 7:01 | Crear | Villager (Male) |
| 7:13 | Crear | Fishing Ship |
| 7:31 | Construir | Mining Camp |
| 7:33 | Crear | Fishing Ship |
| 7:34 | Crear | Villager (Male) |
| 7:42 | Construir | Mill |
| 7:45 | Crear | Fishing Ship |
| 7:46 | Crear | Villager (Male) |
| 8:08 | Construir | House |
| 8:10 | Construir | House |
| 8:32 | Crear | Villager (Male) |
| 8:43 | Crear | Fishing Ship |
| 9:15 | Investigar | Feudal Age |
| 9:23 | Construir | Dock |
| 9:28 | Construir | Dock |
| 9:40 | Construir | Lumber Camp |
| 10:04 | Construir | Outpost |
| 10:20 | Construir | House |
| 10:22 | Construir | Palisade Wall |
| 10:27 | Construir | Outpost |
| 10:37 | Construir | Palisade Wall |
| 11:15 | Crear | Villager (Male) |
| 11:25 | Edad | Edad Feudal |
| 11:26 | Construir | Dock |
| 11:29 | Crear | Galley |
| 11:30 | Crear | Galley |
| 11:30 | Crear | Galley |
| 11:31 | Crear | Galley |
| 11:41 | Crear | Villager (Male) |
| 11:44 | Investigar | Double-Bit Axe |
| 12:38 | Crear | Galley |
| 12:39 | Crear | Galley |
| 12:39 | Crear | Galley |
| 12:40 | Crear | Galley |
| 12:44 | Construir | House |
| 12:45 | Crear | Villager (Male) |
| 12:57 | Crear | Villager (Male) |
| 13:01 | Construir | Palisade Wall |
| 13:12 | Crear | Galley |
| 13:13 | Crear | Galley |
| 13:19 | Crear | Villager (Male) |
| 13:22 | Construir | House |
| 13:34 | Construir | Market |
| 13:35 | Construir | Palisade Wall |
| 13:40 | Construir | Palisade Wall |
| 13:42 | Crear | Villager (Male) |
| 13:59 | Construir | House |
| 14:02 | Crear | Villager (Male) |
| 14:04 | Construir | House |
| 14:14 | Construir | House |
| 14:30 | Crear | Galley |
| 14:30 | Crear | Galley |
| 14:34 | Crear | Villager (Male) |
| 14:37 | Construir | House |
| 14:39 | Construir | Palisade Wall |
| 14:50 | Crear | Villager (Male) |
| 15:14 | Construir | Stone Wall |
| 15:15 | Construir | Stone Wall |
| 15:16 | Construir | Stone Wall |
| 15:17 | Construir | Stone Wall |
| 15:18 | Construir | Stone Wall |
| 15:20 | Construir | Stone Wall |
| 15:20 | Construir | Stone Wall |
| 15:21 | Construir | Stone Wall |
| 15:35 | Crear | Villager (Male) |
| 15:41 | Construir | Blacksmith |
| 15:45 | Crear | Villager (Male) |
| 16:10 | Construir | Mining Camp |
| 16:32 | Investigar | Castle Age |
| 16:32 | Investigar | Castle Age |
| 17:04 | Investigar | Forging |
| 17:17 | Crear | Demolition Raft |
| 17:17 | Crear | Demolition Raft |
| 17:21 | Crear | Demolition Raft |
| 17:21 | Crear | Demolition Raft |
| 18:38 | Investigar | Scale Mail Armor |
| 19:12 | Edad | Edad de los Castillos |
| 19:21 | Crear | Villager (Male) |
| 19:23 | Crear | Villager (Male) |
| 19:33 | Crear | Demolition Raft |
| 19:34 | Crear | Demolition Raft |
| 19:36 | Crear | Villager (Male) |
| 20:31 | Construir | House |
| 20:38 | Construir | Castle |
| 20:43 | Crear | Villager (Male) |
| 20:43 | Crear | Villager (Male) |
| 20:43 | Crear | Villager (Male) |
| 20:44 | Crear | Villager (Male) |
| 20:48 | Construir | Town Center |
| 20:52 | Investigar | Wheelbarrow |
| 20:53 | Crear | Villager (Male) |
| 20:55 | Investigar | Bow Saw |
| 21:12 | Crear | Villager (Male) |
| 21:16 | Crear | Villager (Male) |
| 21:20 | Crear | Villager (Male) |
| 21:40 | Construir | Town Center |
| 21:41 | Crear | Villager (Male) |
| 21:43 | Crear | Villager (Male) |
| 21:50 | Crear | Villager (Male) |
| 22:06 | Crear | Villager (Male) |
| 22:08 | Crear | Villager (Male) |
| 22:10 | Crear | Villager (Male) |
| 22:22 | Crear | Gbeto |
| 22:23 | Crear | Gbeto |
| 22:32 | Investigar | Tech 906 |
| 23:09 | Crear | Villager (Male) |
| 23:15 | Crear | Villager (Male) |
| 23:16 | Crear | Villager (Male) |
| 23:24 | Crear | Gbeto |
| 23:24 | Crear | Gbeto |
| 23:29 | Construir | Farm |
| 23:38 | Crear | Villager (Male) |
| 23:39 | Crear | Villager (Male) |
| 23:49 | Investigar | Horse Collar |
| 24:07 | Crear | Villager (Male) |
| 24:09 | Construir | Farm |
| 24:10 | Crear | Villager (Male) |
| 24:17 | Construir | Farm |
| 24:18 | Construir | Farm |
| 24:18 | Construir | Farm |
| 24:18 | Construir | Farm |
| 24:18 | Construir | Farm |
| 24:19 | Construir | Farm |
| 24:19 | Construir | Farm |
| 24:19 | Construir | Farm |
Build order — 嗷拜
Primeras 150 de 192 acciones detectadas
| 0:15 | Construir | House |
| 0:16 | Construir | House |
| 0:16 | Construir | House |
| 2:49 | Construir | Dock |
| 3:12 | Construir | Town Center |
| 3:59 | Crear | Villager (Male) |
| 4:00 | Crear | Villager (Male) |
| 4:01 | Crear | Villager (Male) |
| 4:01 | Crear | Villager (Male) |
| 4:01 | Crear | Villager (Male) |
| 4:02 | Investigar | Loom |
| 4:53 | Crear | Fishing Ship |
| 5:01 | Crear | Villager (Male) |
| 5:02 | Crear | Villager (Male) |
| 5:35 | Crear | Villager (Male) |
| 5:35 | Crear | Villager (Male) |
| 5:39 | Crear | Fishing Ship |
| 5:55 | Crear | Villager (Male) |
| 6:37 | Crear | Villager (Male) |
| 6:37 | Crear | Villager (Male) |
| 6:38 | Crear | Villager (Male) |
| 6:40 | Crear | Fishing Ship |
| 6:41 | Crear | Fishing Ship |
| 7:03 | Crear | Villager (Male) |
| 7:03 | Crear | Villager (Male) |
| 7:03 | Crear | Villager (Male) |
| 7:05 | Crear | Fishing Ship |
| 7:05 | Crear | Fishing Ship |
| 7:09 | Construir | House |
| 7:09 | Construir | House |
| 7:40 | Construir | Lumber Camp |
| 8:07 | Crear | Villager (Male) |
| 8:08 | Crear | Villager (Male) |
| 8:15 | Construir | Lumber Camp |
| 8:23 | Construir | House |
| 8:24 | Construir | House |
| 8:25 | Construir | House |
| 8:27 | Crear | Fishing Ship |
| 9:02 | Crear | Villager (Male) |
| 9:03 | Crear | Villager (Male) |
| 9:21 | Crear | Villager (Male) |
| 9:24 | Crear | Fishing Ship |
| 9:25 | Crear | Fishing Ship |
| 9:47 | Crear | Villager (Male) |
| 9:57 | Construir | Mining Camp |
| 10:04 | Construir | House |
| 10:05 | Construir | House |
| 10:10 | Crear | Fishing Ship |
| 10:11 | Crear | Villager (Male) |
| 10:38 | Crear | Villager (Male) |
| 10:38 | Crear | Villager (Male) |
| 10:39 | Crear | Villager (Male) |
| 10:44 | Crear | Fishing Ship |
| 11:16 | Crear | Fishing Ship |
| 11:32 | Crear | Fishing Ship |
| 12:02 | Crear | Villager (Male) |
| 12:03 | Crear | Villager (Male) |
| 12:03 | Crear | Villager (Male) |
| 12:03 | Crear | Villager (Male) |
| 12:03 | Crear | Villager (Male) |
| 12:22 | Crear | Villager (Male) |
| 12:30 | Crear | Fishing Ship |
| 12:33 | Crear | Fishing Ship |
| 12:55 | Construir | Mill |
| 13:11 | Construir | Mill |
| 13:32 | Construir | Mill |
| 13:47 | Crear | Villager (Male) |
| 14:33 | Investigar | Feudal Age |
| 14:35 | Crear | Villager (Male) |
| 15:09 | Crear | Villager (Male) |
| 15:28 | Construir | Farm |
| 15:29 | Construir | Farm |
| 15:30 | Construir | Farm |
| 15:30 | Construir | Farm |
| 15:32 | Construir | Farm |
| 15:34 | Construir | Farm |
| 15:35 | Construir | Farm |
| 15:46 | Crear | Villager (Male) |
| 16:44 | Edad | Edad Feudal |
| 16:54 | Crear | Villager (Male) |
| 16:58 | Construir | Blacksmith |
| 16:59 | Construir | Market |
| 17:04 | Crear | Villager (Male) |
| 17:42 | Crear | Villager (Male) |
| 17:45 | Investigar | Fletching |
| 17:46 | Investigar | Padded Archer Armor |
| 17:58 | Construir | Lumber Camp |
| 18:02 | Investigar | Castle Age |
| 18:26 | Construir | Dock |
| 18:28 | Construir | Dock |
| 18:30 | Construir | Dock |
| 18:33 | Construir | Dock |
| 18:58 | Construir | Stone Wall |
| 19:03 | Crear | Villager (Male) |
| 19:04 | Crear | Villager (Male) |
| 19:05 | Investigar | Double-Bit Axe |
| 19:10 | Investigar | Gold Mining |
| 19:16 | Construir | Mining Camp |
| 19:37 | Construir | Lumber Camp |
| 20:23 | Construir | Lumber Camp |
| 20:42 | Edad | Edad de los Castillos |
| 20:43 | Crear | Longboat |
| 20:43 | Crear | Longboat |
| 20:48 | Crear | Longboat |
| 20:49 | Crear | Longboat |
| 21:04 | Construir | Stone Wall |
| 21:09 | Construir | Stone Wall |
| 21:43 | Crear | Villager (Male) |
| 21:43 | Crear | Villager (Male) |
| 21:43 | Crear | Villager (Male) |
| 21:44 | Investigar | Town Watch |
| 21:44 | Crear | Villager (Male) |
| 21:45 | Crear | Villager (Male) |
| 21:47 | Crear | Villager (Male) |
| 21:47 | Crear | Villager (Male) |
| 21:48 | Crear | Villager (Male) |
| 21:48 | Crear | Villager (Male) |
| 21:48 | Crear | Villager (Male) |
| 21:48 | Crear | Villager (Male) |
| 21:52 | Construir | House |
| 21:53 | Construir | House |
| 22:00 | Construir | House |
| 22:01 | Construir | House |
| 22:01 | Construir | House |
| 22:02 | Construir | House |
| 22:03 | Construir | House |
| 22:04 | Construir | House |
| 22:23 | Crear | Villager (Male) |
| 22:23 | Crear | Villager (Male) |
| 22:26 | Crear | Longboat |
| 22:27 | Crear | Longboat |
| 22:27 | Crear | Longboat |
| 22:28 | Crear | Longboat |
| 22:28 | Crear | Longboat |
| 22:54 | Investigar | Bodkin Arrow |
| 23:02 | Crear | Longboat |
| 23:02 | Crear | Longboat |
| 23:02 | Crear | Longboat |
| 23:03 | Crear | Longboat |
| 23:39 | Construir | University |
| 23:58 | Crear | Villager (Male) |
| 23:58 | Crear | Villager (Male) |
| 23:59 | Crear | Villager (Male) |
| 24:03 | Investigar | Bow Saw |
| 24:15 | Investigar | Gold Shaft Mining |
| 24:18 | Crear | Villager (Male) |
| 24:18 | Crear | Villager (Male) |
| 24:18 | Crear | Villager (Male) |
| 24:34 | Construir | House |
| 24:35 | Construir | House |
Build order — AxD | Cafujino
Primeras 150 de 190 acciones detectadas
| 0:34 | Construir | Dock |
| 1:18 | Crear | Fishing Ship |
| 1:33 | Construir | House |
| 2:22 | Construir | Town Center |
| 2:41 | Construir | House |
| 2:43 | Construir | House |
| 3:25 | Crear | Villager (Male) |
| 3:26 | Crear | Villager (Male) |
| 3:55 | Crear | Villager (Male) |
| 4:07 | Crear | Villager (Male) |
| 4:17 | Crear | Fishing Ship |
| 4:17 | Crear | Fishing Ship |
| 4:41 | Crear | Fishing Ship |
| 4:56 | Crear | Villager (Male) |
| 5:00 | Crear | Fishing Ship |
| 5:22 | Crear | Villager (Male) |
| 5:29 | Crear | Fishing Ship |
| 6:03 | Construir | House |
| 6:08 | Crear | Villager (Male) |
| 6:09 | Crear | Fishing Ship |
| 6:11 | Crear | Villager (Male) |
| 6:42 | Construir | Dock |
| 6:44 | Crear | Villager (Male) |
| 6:55 | Construir | House |
| 6:58 | Construir | Palisade Wall |
| 7:00 | Construir | Palisade Wall |
| 7:07 | Construir | Palisade Wall |
| 7:12 | Crear | Villager (Male) |
| 7:14 | Crear | Fishing Ship |
| 7:34 | Crear | Fishing Ship |
| 7:52 | Crear | Villager (Male) |
| 8:00 | Construir | House |
| 8:03 | Crear | Fishing Ship |
| 8:18 | Crear | Villager (Male) |
| 8:20 | Crear | Fishing Ship |
| 8:27 | Construir | House |
| 8:45 | Crear | Villager (Male) |
| 9:03 | Crear | Fishing Ship |
| 9:17 | Construir | House |
| 9:20 | Investigar | Feudal Age |
| 10:14 | Crear | Villager (Male) |
| 10:34 | Crear | Fishing Ship |
| 10:34 | Crear | Fishing Ship |
| 10:51 | Construir | Dock |
| 11:02 | Construir | Settlement |
| 11:08 | Construir | Settlement |
| 11:30 | Edad | Edad Feudal |
| 11:42 | Crear | Fire Galley |
| 11:43 | Crear | Fire Galley |
| 11:46 | Crear | Galley |
| 11:48 | Crear | Villager (Male) |
| 11:51 | Investigar | Double-Bit Axe |
| 12:12 | Crear | Fire Galley |
| 12:18 | Crear | Villager (Male) |
| 12:26 | Construir | Blacksmith |
| 12:51 | Crear | Fire Galley |
| 12:51 | Crear | Fire Galley |
| 13:09 | Crear | Fire Galley |
| 13:15 | Crear | Villager (Male) |
| 13:16 | Crear | Villager (Male) |
| 13:35 | Crear | Fire Galley |
| 13:36 | Investigar | Fletching |
| 13:37 | Crear | Villager (Male) |
| 14:02 | Crear | Villager (Male) |
| 14:11 | Crear | Demolition Raft |
| 14:16 | Construir | Dock |
| 14:51 | Crear | Villager (Male) |
| 15:03 | Construir | Market |
| 15:09 | Crear | Villager (Male) |
| 15:34 | Crear | Fishing Ship |
| 15:34 | Crear | Fishing Ship |
| 15:38 | Investigar | Castle Age |
| 15:43 | Construir | House |
| 15:55 | Investigar | Horse Collar |
| 16:04 | Investigar | Gold Mining |
| 16:15 | Construir | Outpost |
| 16:56 | Construir | Outpost |
| 17:21 | Construir | Barracks |
| 17:27 | Investigar | Loom |
| 17:58 | Investigar | Padded Archer Armor |
| 18:01 | Crear | Villager (Male) |
| 18:21 | Construir | Outpost |
| 18:25 | Edad | Edad de los Castillos |
| 18:33 | Construir | Town Center |
| 18:37 | Construir | Archery Range |
| 18:39 | Investigar | Bodkin Arrow |
| 18:49 | Crear | Villager (Male) |
| 19:18 | Construir | Archery Range |
| 19:23 | Crear | Villager (Male) |
| 19:28 | Crear | Villager (Male) |
| 19:47 | Investigar | Crossbowman (upgrade) |
| 19:58 | Construir | Palisade Wall |
| 20:18 | Crear | Archer |
| 20:18 | Crear | Archer |
| 20:20 | Crear | Villager (Male) |
| 20:20 | Crear | Villager (Male) |
| 20:20 | Crear | Villager (Male) |
| 20:21 | Crear | Villager (Male) |
| 20:21 | Crear | Villager (Male) |
| 20:38 | Crear | Archer |
| 21:09 | Construir | Siege Workshop |
| 21:22 | Construir | Town Center |
| 21:23 | Crear | Archer |
| 21:24 | Crear | Archer |
| 21:24 | Crear | Archer |
| 21:43 | Crear | Archer |
| 21:43 | Crear | Archer |
| 21:47 | Crear | Villager (Male) |
| 21:51 | Construir | House |
| 21:52 | Construir | House |
| 22:07 | Crear | Archer |
| 22:14 | Investigar | Wheelbarrow |
| 22:16 | Investigar | Town Watch |
| 22:55 | Construir | Town Center |
| 23:00 | Crear | Archer |
| 23:00 | Crear | Archer |
| 23:21 | Construir | Siege Workshop |
| 23:28 | Construir | Settlement |
| 23:50 | Crear | Archer |
| 23:51 | Crear | Archer |
| 23:51 | Crear | Archer |
| 24:30 | Crear | Archer |
| 24:31 | Crear | Archer |
| 24:31 | Crear | Archer |
| 24:32 | Crear | Archer |
| 24:32 | Crear | Archer |
| 24:33 | Crear | Villager (Male) |
| 24:33 | Crear | Villager (Male) |
| 24:33 | Crear | Villager (Male) |
| 24:33 | Crear | Villager (Male) |
| 24:34 | Crear | Villager (Male) |
| 24:34 | Crear | Villager (Male) |
| 24:49 | Crear | Archer |
| 24:49 | Crear | Archer |
| 25:05 | Crear | Archer |
| 25:09 | Construir | House |
| 25:10 | Construir | House |
| 25:16 | Crear | Villager (Male) |
| 25:21 | Investigar | Hand Cart |
| 25:25 | Construir | House |
| 25:27 | Construir | House |
| 25:32 | Construir | Settlement |
| 25:40 | Crear | Villager (Male) |
| 25:40 | Crear | Villager (Male) |
| 25:40 | Crear | Villager (Male) |
| 25:50 | Crear | Archer |
| 25:54 | Construir | Archery Range |
| 25:56 | Construir | Archery Range |
| 26:02 | Investigar | Thumb Ring |
| 26:03 | Crear | Archer |
Build order — AsgarDreamer
75 acciones detectadas en el replay
| 0:42 | Construir | House |
| 1:50 | Construir | Dock |
| 2:17 | Construir | Town Center |
| 2:38 | Crear | Fishing Ship |
| 2:38 | Crear | Fishing Ship |
| 3:14 | Crear | Fishing Ship |
| 3:14 | Crear | Fishing Ship |
| 3:21 | Crear | Villager (Male) |
| 3:21 | Crear | Villager (Male) |
| 3:38 | Crear | Villager (Male) |
| 4:11 | Crear | Fishing Ship |
| 4:11 | Crear | Fishing Ship |
| 4:11 | Crear | Fishing Ship |
| 4:17 | Construir | House |
| 4:24 | Investigar | Loom |
| 4:45 | Crear | Villager (Male) |
| 4:45 | Crear | Villager (Male) |
| 4:45 | Crear | Villager (Male) |
| 4:48 | Crear | Fishing Ship |
| 4:48 | Crear | Fishing Ship |
| 5:39 | Construir | Mill |
| 5:43 | Crear | Villager (Male) |
| 5:44 | Crear | Villager (Male) |
| 5:44 | Crear | Villager (Male) |
| 5:57 | Construir | House |
| 6:02 | Crear | Villager (Male) |
| 6:10 | Crear | Fishing Ship |
| 6:10 | Crear | Fishing Ship |
| 6:37 | Crear | Fishing Ship |
| 6:47 | Construir | House |
| 7:20 | Crear | Villager (Male) |
| 7:25 | Crear | Fishing Ship |
| 8:02 | Crear | Villager (Male) |
| 8:23 | Investigar | Feudal Age |
| 8:30 | Construir | Mining Camp |
| 8:37 | Construir | Mining Camp |
| 8:58 | Crear | Fishing Ship |
| 8:59 | Crear | Fishing Ship |
| 9:28 | Construir | Dock |
| 10:27 | Crear | Villager (Male) |
| 10:36 | Construir | House |
| 10:39 | Crear | Villager (Male) |
| 10:45 | Construir | Blacksmith |
| 11:14 | Crear | Unit 2626 |
| 11:24 | Crear | Villager (Male) |
| 11:35 | Crear | Galley |
| 11:47 | Crear | Villager (Male) |
| 12:44 | Construir | Market |
| 13:49 | Construir | Mining Camp |
| 14:48 | Investigar | Gold Mining |
| 14:51 | Investigar | Stone Mining |
| 15:01 | Investigar | Castle Age |
| 15:33 | Investigar | Padded Archer Armor |
| 15:36 | Construir | House |
| 17:47 | Construir | Castle |
| 17:51 | Crear | Villager (Male) |
| 17:53 | Crear | Villager (Male) |
| 18:06 | Construir | Mill |
| 18:15 | Construir | Farm |
| 18:43 | Crear | Conquistador |
| 18:43 | Crear | Conquistador |
| 18:44 | Crear | Conquistador |
| 18:44 | Crear | Conquistador |
| 18:44 | Crear | Conquistador |
| 18:44 | Crear | Conquistador |
| 19:03 | Crear | Villager (Male) |
| 19:56 | Crear | Conquistador |
| 19:56 | Crear | Conquistador |
| 19:57 | Crear | Conquistador |
| 19:57 | Crear | Conquistador |
| 19:57 | Crear | Conquistador |
| 20:21 | Construir | Lumber Camp |
| 22:05 | Crear | Villager (Male) |
| 22:10 | Construir | Town Center |
| 27:40 | Investigar | Imperial Age |
Build order — AxD | Maurito
144 acciones detectadas en el replay
| 2:41 | Construir | Town Center |
| 2:55 | Construir | Dock |
| 3:42 | Crear | Villager (Male) |
| 3:54 | Construir | House |
| 4:00 | Construir | House |
| 4:17 | Crear | Fishing Ship |
| 4:18 | Crear | Fishing Ship |
| 4:29 | Construir | House |
| 4:32 | Construir | House |
| 4:37 | Crear | Villager (Male) |
| 4:38 | Crear | Villager (Male) |
| 4:38 | Crear | Villager (Male) |
| 5:45 | Crear | Villager (Male) |
| 5:46 | Investigar | Loom |
| 6:17 | Crear | Fishing Ship |
| 6:17 | Crear | Fishing Ship |
| 6:28 | Crear | Villager (Male) |
| 6:28 | Crear | Villager (Male) |
| 7:34 | Crear | Villager (Male) |
| 7:44 | Construir | Dock |
| 7:48 | Crear | Villager (Male) |
| 7:53 | Crear | Fishing Ship |
| 7:57 | Crear | Fishing Ship |
| 9:02 | Crear | Villager (Male) |
| 9:04 | Crear | Villager (Male) |
| 9:13 | Construir | Lumber Camp |
| 9:25 | Construir | House |
| 9:28 | Construir | House |
| 9:31 | Investigar | Feudal Age |
| 9:53 | Crear | Fishing Ship |
| 9:53 | Crear | Fishing Ship |
| 10:16 | Crear | Fishing Ship |
| 10:17 | Crear | Fishing Ship |
| 10:45 | Crear | Villager (Male) |
| 11:14 | Construir | Barracks |
| 11:22 | Crear | Villager (Male) |
| 12:02 | Edad | Edad Feudal |
| 12:27 | Construir | Archery Range |
| 12:34 | Construir | Archery Range |
| 12:42 | Crear | Villager (Male) |
| 12:43 | Investigar | Double-Bit Axe |
| 13:13 | Crear | Fire Galley |
| 13:36 | Crear | Galley |
| 13:49 | Crear | Archer |
| 13:49 | Crear | Archer |
| 13:49 | Crear | Archer |
| 14:24 | Crear | Villager (Male) |
| 14:24 | Crear | Villager (Male) |
| 14:29 | Crear | Archer |
| 14:30 | Crear | Archer |
| 14:34 | Construir | Blacksmith |
| 14:39 | Crear | Villager (Male) |
| 14:44 | Construir | House |
| 14:46 | Construir | House |
| 15:02 | Crear | Galley |
| 15:21 | Crear | Archer |
| 15:21 | Crear | Archer |
| 15:26 | Crear | Villager (Male) |
| 16:09 | Construir | Mining Camp |
| 16:22 | Crear | Galley |
| 16:29 | Crear | Villager (Male) |
| 16:32 | Crear | Villager (Male) |
| 16:48 | Investigar | Castle Age |
| 17:01 | Construir | Mill |
| 17:09 | Construir | Palisade Wall |
| 17:33 | Investigar | Wheelbarrow |
| 17:47 | Investigar | Fletching |
| 17:49 | Investigar | Padded Archer Armor |
| 17:53 | Crear | Demolition Raft |
| 17:54 | Crear | Demolition Raft |
| 18:14 | Crear | Fishing Ship |
| 18:15 | Crear | Fishing Ship |
| 18:15 | Crear | Fishing Ship |
| 18:30 | Crear | Skirmisher |
| 18:30 | Crear | Skirmisher |
| 18:31 | Crear | Skirmisher |
| 18:51 | Crear | Villager (Male) |
| 18:57 | Construir | House |
| 19:01 | Construir | House |
| 19:03 | Construir | House |
| 19:09 | Construir | Palisade Wall |
| 19:34 | Edad | Edad de los Castillos |
| 19:40 | Construir | Watch Tower |
| 19:53 | Crear | Villager (Male) |
| 19:53 | Crear | Villager (Male) |
| 20:28 | Construir | House |
| 20:46 | Investigar | Crossbowman (upgrade) |
| 20:48 | Investigar | Elite Skirmisher (upgrade) |
| 21:07 | Crear | Skirmisher |
| 21:07 | Crear | Skirmisher |
| 21:31 | Crear | Skirmisher |
| 21:32 | Crear | Skirmisher |
| 21:32 | Crear | Skirmisher |
| 21:59 | Construir | Mill |
| 22:14 | Crear | Demolition Raft |
| 22:14 | Crear | Demolition Raft |
| 22:19 | Crear | Demolition Raft |
| 22:19 | Crear | Demolition Raft |
| 22:50 | Crear | Skirmisher |
| 22:50 | Crear | Skirmisher |
| 22:50 | Crear | Skirmisher |
| 22:55 | Investigar | Leather Archer Armor |
| 22:59 | Construir | Farm |
| 22:59 | Construir | Farm |
| 23:00 | Construir | Farm |
| 23:00 | Construir | Farm |
| 23:12 | Crear | Skirmisher |
| 23:12 | Crear | Skirmisher |
| 23:35 | Crear | Skirmisher |
| 23:36 | Crear | Skirmisher |
| 23:43 | Construir | Farm |
| 23:43 | Construir | Farm |
| 23:44 | Construir | Farm |
| 23:44 | Construir | Farm |
| 23:46 | Crear | Villager (Male) |
| 23:46 | Crear | Villager (Male) |
| 24:09 | Crear | Skirmisher |
| 24:09 | Crear | Skirmisher |
| 24:27 | Crear | Archer |
| 24:27 | Crear | Archer |
| 24:27 | Crear | Archer |
| 25:13 | Construir | Mining Camp |
| 25:18 | Crear | Villager (Male) |
| 25:19 | Crear | Villager (Male) |
| 25:32 | Crear | Archer |
| 25:32 | Crear | Archer |
| 25:32 | Crear | Archer |
| 25:49 | Construir | House |
| 25:51 | Construir | House |
| 25:52 | Construir | House |
| 26:20 | Investigar | Thumb Ring |
| 26:42 | Construir | Mining Camp |
| 26:48 | Crear | Archer |
| 26:48 | Crear | Archer |
| 26:48 | Crear | Archer |
| 26:53 | Crear | Villager (Male) |
| 26:53 | Crear | Villager (Male) |
| 27:49 | Construir | House |
| 27:58 | Crear | Skirmisher |
| 27:58 | Crear | Skirmisher |
| 27:58 | Crear | Skirmisher |
| 27:58 | Crear | Skirmisher |
| 28:17 | Investigar | Stone Mining |
| 28:37 | Construir | Market |
Cronología de la partida
| 0:28 | çipetpet · first_building Dock |
| 0:34 | AxD | Cafujino · first_building Dock |
| 0:47 | AxD | Keiokenkun-Uno-Puro · first_building Dock |
| 1:50 | AsgarDreamer · first_building Dock |
| 2:49 | 嗷拜 · first_building Dock |
| 2:55 | AxD | Maurito · first_building Dock |
| 3:17 | MaxiMR7 · first_building Dock |
| 3:29 | xu3u6vm0888 · first_building Dock |
| 6:58 | AxD | Cafujino · wall_segment Palisade Wall x1 |
| 7:00 | AxD | Cafujino · wall_segment Palisade Wall x1 |
| 7:07 | AxD | Cafujino · wall_segment Palisade Wall x1 |
| 9:06 | çipetpet · first_building Barracks |
| 9:47 | MaxiMR7 · wall_segment Palisade Wall x1 |
| 9:48 | MaxiMR7 · wall_segment Palisade Wall x1 |
| 10:22 | AxD | Keiokenkun-Uno-Puro · wall_segment Palisade Wall x3 |
| 10:36 | MaxiMR7 · first_building Donjon |
| 10:37 | AxD | Keiokenkun-Uno-Puro · wall_segment Palisade Wall x7 |
| 11:14 | AxD | Maurito · first_building Barracks |
| 11:25 | AxD | Keiokenkun-Uno-Puro · age_up feudal |
| 11:30 | AxD | Cafujino · age_up feudal |
| 11:31 | xu3u6vm0888 · age_up feudal |
| 11:54 | xu3u6vm0888 · first_building Barracks |
| 12:02 | AxD | Maurito · age_up feudal |
| 12:27 | AxD | Maurito · first_building Archery Range |
| 12:53 | MaxiMR7 · age_up feudal |
| 13:01 | AxD | Keiokenkun-Uno-Puro · wall_segment Palisade Wall x6 |
| 13:02 | xu3u6vm0888 · first_building Archery Range |
| 13:35 | AxD | Keiokenkun-Uno-Puro · wall_segment Palisade Wall x5 |
| 13:37 | çipetpet · age_up feudal |
| 13:40 | AxD | Keiokenkun-Uno-Puro · wall_segment Palisade Wall x5 |
| 13:48 | xu3u6vm0888 · wall_segment Palisade Wall x3 |
| 14:39 | AxD | Keiokenkun-Uno-Puro · wall_segment Palisade Wall x1 |
| 14:52 | xu3u6vm0888 · wall_segment Palisade Wall x2 |
| 15:06 | AxD | Keiokenkun-Uno-Puro · first_market_buy 100 food |
| 15:14 | AxD | Keiokenkun-Uno-Puro · wall_segment Stone Wall x1 |
| 15:15 | AxD | Keiokenkun-Uno-Puro · wall_segment Stone Wall x1 |
| 15:16 | AxD | Keiokenkun-Uno-Puro · wall_segment Stone Wall x1 |
| 15:17 | AxD | Keiokenkun-Uno-Puro · wall_segment Stone Wall x1 |
| 15:18 | AxD | Keiokenkun-Uno-Puro · wall_segment Stone Wall x1 |
| 15:20 | AxD | Keiokenkun-Uno-Puro · wall_segment Stone Wall x1 |
| 15:20 | AxD | Keiokenkun-Uno-Puro · wall_segment Stone Wall x1 |
| 15:21 | AxD | Keiokenkun-Uno-Puro · wall_segment Stone Wall x1 |
| 16:38 | xu3u6vm0888 · age_up castle |
| 16:44 | 嗷拜 · age_up feudal |
| 17:09 | AxD | Maurito · wall_segment Palisade Wall x1 |
| 17:21 | AxD | Cafujino · first_building Barracks |
| 17:47 | AsgarDreamer · first_building Castle |
| 17:58 | çipetpet · first_market_buy 100 food |
| 18:25 | AxD | Cafujino · age_up castle |
| 18:37 | AxD | Cafujino · first_building Archery Range |
| 18:58 | 嗷拜 · wall_segment Stone Wall x11 |
| 19:09 | AxD | Maurito · wall_segment Palisade Wall x5 |
| 19:12 | AxD | Keiokenkun-Uno-Puro · age_up castle |
| 19:34 | AxD | Maurito · age_up castle |
| 19:54 | AsgarDreamer · first_market_buy 100 food |
| 19:58 | AxD | Cafujino · wall_segment Palisade Wall x1 |
| 19:58 | AxD | Keiokenkun-Uno-Puro · first_market_sell 100 wood |
| 20:29 | çipetpet · wall_segment Palisade Wall x2 |
| 20:38 | AxD | Keiokenkun-Uno-Puro · first_building Castle |
| 20:40 | çipetpet · age_up castle |
| 20:42 | 嗷拜 · age_up castle |
| 21:04 | 嗷拜 · wall_segment Stone Wall x10 |
| 21:09 | AxD | Cafujino · first_building Siege Workshop |
| 21:09 | 嗷拜 · wall_segment Stone Wall x9 |
| 21:10 | çipetpet · resign |
| 23:51 | xu3u6vm0888 · first_building Castle |
| 24:44 | 嗷拜 · first_building Monastery |
| 24:48 | xu3u6vm0888 · first_building Stable |
| 26:19 | MaxiMR7 · first_market_buy 100 stone |
| 27:25 | MaxiMR7 · age_up castle |
| 27:38 | AsgarDreamer · first_market_sell 100 wood |
| 27:46 | AxD | Keiokenkun-Uno-Puro · first_building Barracks |
| 28:04 | 嗷拜 · wall_segment Stone Wall x5 |
| 28:12 | 嗷拜 · wall_segment Stone Wall x10 |
| 28:32 | AxD | Cafujino · first_building Castle |
| 28:45 | AxD | Keiokenkun-Uno-Puro · first_building Stable |
[ ANÁLISIS IA · 1 CRÉDITO ]
¿Qué pasó realmente en esta partida?
Wolo.gg analiza cada decisión: build order, eco, micro, errores típicos por bracket. Análisis personalizado por WhatsApp o Discord en 30 segundos.
Guía civ
Sicilianos
Guía mapa
Pilgrims
Perfil
Jugador #5774547